 Dungeon Crawl Stone Soup version 0.28.0 (webtiles) character file.

Game seed: 17466506626457379962

12744 Gabide the Thaumaturge (level 11, -2/86 HPs)
             Began as a Mummy Necromancer on Feb 7, 2022.
             Was a Believer of Sif Muna.
             Slain by an eight-headed hydra (14 damage)
             ... on level 13 of the Dungeon.
             The game lasted 00:58:19 (16211 turns).

Gabide the Thaumaturge (Mummy Necromancer)         Turns: 16211, Time: 00:58:20

Health: -2/86      AC:  6    Str: 11    XL:     11   Next: 66%
Magic:  16/37      EV: 13    Int: 19    God:    Sif Muna [**....]
Gold:   550        SH:  0    Dex: 13    Spells: 25/37 levels left

rFire   x . .      SeeInvis .     - Unarmed
rCold   + . .      Faith    .   (no shield)
rNeg    + + +      Spirit   .   a - +0 robe
rPois   ∞          Reflect  .   u - +1 helmet
rElec   .          Harm     .   g - +0 cloak
rCorr   .          Rampage  .   q - +0 pair of gloves
Will    +....                   (no boots)
Stlth   ++........              n - amulet of magic regeneration
HPRegen 0.24/turn               e - ring of magical power
MPRegen 0.65/turn               (no ring)

@: no status effects
A: cold resistance 1, negative energy resistance 3, torment resistance 2, heat
vulnerability 1, no potions
a: Renounce Religion, Channel Magic


You were on level 13 of the Dungeon.
You worshipped Sif Muna.
Sif Muna was pleased with you.
You visited 2 branches of the dungeon, and saw 13 of its levels.

You collected 572 gold pieces.
You spent 22 gold pieces at shops.

Inventory:

Hand Weapons
 d - a +1 antimagic dagger
 k - a +0 whip of draining
Armour
 a - a +0 robe (worn)
 b - a scarf of invisibility
 f - a +3 ring mail
 g - a +0 cloak (worn)
 q - a +0 pair of gloves (worn)
 u - a +1 helmet (worn)
Jewellery
 e - a ring of magical power (left hand)
 n - an amulet of magic regeneration (around neck)
 r - an amulet of the acrobat
 w - a ring of protection from fire
Wands
 i - a wand of charming (9)
 l - a wand of digging (6)
 o - a wand of paralysis (9)
 p - a wand of acid (3)
 s - a wand of flame (47)
 v - a wand of iceblast (12)
Scrolls
 c - 3 scrolls of immolation
 m - a scroll of identify
 t - 2 scrolls of holy word
 x - a scroll of silence


   Skills:
 * Level 8.1 Fighting
 * Level 3.5 Dodging
 + Level 2.8 Stealth
 + Level 1.5 Unarmed Combat
 + Level 13.8 Spellcasting
 * Level 12.1 Necromancy
 * Level 0.5 Invocations
 - Level 0.2 Evocations


You had 25 spell levels left.
You knew the following spells:

 Your Spells              Type           Power      Damage    Failure   Level
a - Pain                  Necr           100%       1d9       1%          1
b - Vampiric Draining     Necr           56%        2d10      1%          3
c - Animate Dead          Necr           28%        N/A       1%          4
d - Dispel Undead         Necr           56%        3d20      1%          4

Your spell library contained the following spells:

 Spells                   Type           Power      Damage    Failure   Level
 Animate Skeleton         Necr           100%       N/A       1%          1
 Agony                    Necr           56%        N/A       1%          5
 Magic Dart               Conj           52%        1d5       4%          1
 Shock                    Conj/Air       52%        1d6       4%          1
 Call Imp                 Summ           13%        N/A       8%          2
 Searing Ray              Conj           26%        2d5       8%          2
 Static Discharge         Conj/Air       13%        N/A       8%          2
 Mephitic Cloud           Conj/Pois/Air  13%        N/A       16%         3
 Swiftness                Air            13%        N/A       16%         3
 Airstrike                Air            6%         N/A       45%         4
 Fulminant Prism          Conj/Hex       6%         3d7       45%         4
 Sticky Flame             Conj/Fire      13%        2d4       45%         4


Dungeon Overview and Level Annotations

Branches:
Dungeon (11/15)            Temple (1/1) D:6            Lair (0/6) D:8
    Orc (0/2) D:10

Altars:
Ashenzari
Cheibriados
Dithmenos
Elyvilon
Fedhas
Gozag
Hepliaklqana
Kikubaaqudgha
Makhleb
Nemelex Xobeh
Okawaru
Qazlal
Ru
Sif Muna
Trog
Uskayaw
Vehumet
Wu Jian
Xom
Yredelemnul
Zin
The Shining One

Shops:
D:4 ?   D:5 (   D:8 **

Annotations:
D:3 Grinder


Innate Abilities, Weirdness & Mutations

You are immune to poison.
Your flesh is cold resistant. (rC+)
You are immune to negative energy. (rN+++)
You are immune to unholy pain and torment.
You are vulnerable to heat. (rF-)
You do not drink.


Message History

Unknown command.
Casting: Vampiric Draining (safe; 1% risk of failure)
Confirm with . or Enter, or press ? or * to list all spells.
Aiming: Vampiric Draining (safe; 1% risk of failure)
Press: ? - help, Shift-Dir - straight line, f/p - eight-headed hydra
Aim: an eight-headed hydra (moderately wounded)
You draw life force from the eight-headed hydra!
You feel life coursing into your body!
The eight-headed hydra barely misses you. x2
The eight-headed hydra bites you but does no damage.
The eight-headed hydra closely misses you.
The eight-headed hydra bites you but does no damage. x2
The eight-headed hydra barely misses you.
The eight-headed hydra bites you.
Casting: Vampiric Draining (safe; 1% risk of failure)
Confirm with . or Enter, or press ? or * to list all spells.
Aiming: Vampiric Draining (safe; 1% risk of failure)
Press: ? - help, Shift-Dir - straight line, f/p - eight-headed hydra
Aim: an eight-headed hydra (heavily wounded)
You draw life force from the eight-headed hydra!
You feel life coursing into your body. The eight-headed hydra bites you!
The eight-headed hydra bites you.
* * * LOW HITPOINT WARNING * * *
The eight-headed hydra bites you.
* * * LOW HITPOINT WARNING * * *
The eight-headed hydra bites you.
* * * LOW HITPOINT WARNING * * *
The eight-headed hydra misses you. The eight-headed hydra bites you.
* * * LOW HITPOINT WARNING * * *
The eight-headed hydra barely misses you.
The eight-headed hydra bites you!
* * * LOW HITPOINT WARNING * * *
Casting: Vampiric Draining (safe; 1% risk of failure)
Confirm with . or Enter, or press ? or * to list all spells.
Aiming: Vampiric Draining (safe; 1% risk of failure)
Press: ? - help, Shift-Dir - straight line, f/p - eight-headed hydra
Aim: an eight-headed hydra (heavily wounded)
You draw life force from the eight-headed hydra!
You feel life coursing into your body. The eight-headed hydra bites you!
You die...

##....# #..#..#
#..$.## #o##..#
#...D.## #D##..#
#.###..# #..#..#
#p###..###..#..#* *
##o###..o..###..***
#o# ##....# ***,,,
#D# #...## **** #@#
##### ### **
*********, ***
*,,,,,,,,, *,**
**,,****,,>
**,****,,** ****
**,,*,,** * **,,,,*
*** *,,,,*******,,


You could see an eight-headed hydra, a human, an orc wizard and an orc.

Vanquished Creatures
  A boulder beetle (D:10)
  4 two-headed ogres
  The ghost of Xye the Cleaver, a novice HOFi of Nemelex Xobeh (D:7)
  Pikel (D:8)
  A manticore (D:7)
  An unseen horror (D:10)
  A hornet (D:7)
  12 yaks
  A vampire (D:9)
  2 wraiths (D:10)
  3 wyverns (D:7)
  4 humans (D:13)
  4 vampire mosquitoes (D:10)
  A basilisk (D:8)
  3 water moccasins
  An acid dragon (D:8)
  2 orc warriors
  A hornet zombie (D:9)
  An ice beast (D:7)
  2 sky beasts
  A black bear (D:6)
  An ogre (D:6)
  3 centaurs
  A necrophage (D:5)
  3 phantoms
  A kobold brigand (D:5)
  3 bullfrogs (D:8)
  13 killer bees
  7 howler monkeys
  2 centaur zombies
  A bullfrog zombie (D:6)
  2 centaur skeletons (D:7)
  2 hounds
  2 jellies
  6 orc priests
  A bullfrog skeleton (D:5)
  4 iguanas
  4 orc wizards
  A hound zombie (D:5)
  5 hound skeletons (D:4)
  A spectral howler monkey (D:7)
  A howler monkey zombie (D:7)
  8 gnolls
  7 adders
  A river rat (D:4)
  An adder skeleton (D:4)
  4 worms
  4 dart slugs
  21 orcs
  6 ball pythons
  2 endoplasms
  A giant cockroach (D:2)
  10 goblins
  4 hobgoblins
  4 jackals (D:1)
  A quokka (D:5)
  4 bats (D:1)
  2 frilled lizards (D:1)
  12 kobolds
  6 rats
210 creatures vanquished.

Vanquished Creatures (collateral kills)
  2 yaks
  2 killer bees
  An ufetubus (D:5)
  3 orcs
  A kobold (D:5)
9 creatures vanquished.

Vanquished Creatures (others)
  3 fungi (D:8)
  11 plants (D:8)
14 creatures vanquished.

Grand Total: 233 creatures vanquished

Notes
Turn   | Place    | Note
-------+----------+-------------------------------------------
     0 | D:1      | Gabide the Mummy Necromancer began the quest for the Orb.
     0 | D:1      | Reached XP level 1. HP: 13/13 MP: 4/4
   332 | D:1      | Reached skill level 3 in Spellcasting
   368 | D:1      | Reached XP level 2. HP: 19/19 MP: 4/6
  1157 | D:1      | Reached XP level 3. HP: 24/24 MP: 5/7
  2027 | D:2      | Learned a level 3 spell: Vampiric Draining
  2036 | D:2      | Found a faded altar of an unknown god.
  2055 | D:2      | Reached skill level 4 in Spellcasting
  2386 | D:3      | Reached XP level 4. HP: 30/30 MP: 10/10
  2392 | D:3      | Found a radiant altar of Vehumet.
  2573 | D:3      | Noticed Grinder
  2757 | D:4      | Learned a level 4 spell: Animate Dead
  2812 | D:4      | Found Beudouph's Magic Scroll Boutique.
  3035 | D:4      | Reached skill level 1 in Fighting
  3593 | D:4      | Identified the +5 chain mail of the Game of Kings {Regen+}
  3771 | D:4      | Reached XP level 5. HP: 37/37 MP: 11/11
  3836 | D:4      | Reached skill level 1 in Unarmed Combat
  3983 | D:4      | Reached skill level 5 in Necromancy
  4196 | D:5      | Entered Level 5 of the Dungeon
  4392 | D:5      | Reached skill level 5 in Spellcasting
  4409 | D:5      | Reached XP level 6. HP: 6/44 MP: 9/13
  4713 | D:5      | Learned a level 4 spell: Dispel Undead
  4968 | D:5      | Found Baorgh's Weapon Boutique.
  4979 | D:5      | Reached skill level 6 in Spellcasting
  5151 | D:5      | Reached XP level 7. HP: 49/51 MP: 8/16
  6526 | D:6      | Reached skill level 7 in Spellcasting
  6599 | D:6      | Found a staircase to the Ecumenical Temple.
  6608 | Temple   | Entered the Ecumenical Temple
  6930 | Temple   | Became a worshipper of Sif Muna the Loreminder
  7187 | D:6      | Reached XP level 8. HP: 19/58 MP: 15/19
  7953 | D:7      | Reached skill level 8 in Spellcasting
  8290 | D:7      | Found a runed translucent gate.
  8290 | D:7      | Found a runed translucent gate.
  8291 | D:7      | Found a runed translucent gate.
  8296 | D:7      | Noticed Xye's ghost (novice HOFi)
  8519 | D:7      | Killed Xye's ghost
  8520 | D:7      | Reached skill level 5 in Fighting
  8520 | D:7      | Reached skill level 9 in Spellcasting
  8520 | D:7      | Reached XP level 9. HP: 40/68 MP: 2/22
  8835 | D:7      | Found a broken altar of Ashenzari.
  9205 | D:7      | Noticed a manticore
  9221 | D:7      | Killed a manticore
  9476 | D:8      | Found Ohiats's Lightly-Used Armoury.
  9478 | D:8      | Reached * piety under Sif Muna
  9488 | D:7      | Reached skill level 10 in Spellcasting
 10464 | D:7      | Reached XP level 10. HP: 46/76 MP: 8/24
 10709 | D:7      | Reached skill level 11 in Spellcasting
 10903 | D:8      | Found Alaruzxa's General Store.
 10911 | D:8      | Bought a scroll of identify for 22 gold pieces
 10963 | D:8      | Noticed Pikel
 11597 | D:8      | Found a staircase to the Lair.
 11603 | D:8      | Killed Pikel
 11759 | D:8      | Reached skill level 10 in Necromancy
 12137 | D:8      | Reached skill level 12 in Spellcasting
 12313 | D:8      | Reached ** piety under Sif Muna
 13431 | D:9      | Reached XP level 11. HP: 84/84 MP: 25/27
 13687 | D:10     | Entered Level 10 of the Dungeon
 13989 | D:10     | Identified the +0 robe of Bad Feelings {Rampage rN+}
 14296 | D:10     | Noticed a two-headed ogre
 14312 | D:10     | Killed a two-headed ogre
 14313 | D:10     | Reached skill level 13 in Spellcasting
 14591 | D:10     | Found a staircase to the Orcish Mines.
 14707 | D:10     | Found a hide-covered altar of Uskayaw.
 14950 | D:10     | Noticed a boulder beetle
 14967 | D:10     | Killed a boulder beetle
 15435 | D:11     | Noticed a two-headed ogre
 15435 | D:11     | You fall into a shaft and drop 2 floors!
 15439 | D:13     | Noticed a two-headed ogre
 15449 | D:13     | Killed a two-headed ogre
 15536 | D:13     | Noticed a two-headed ogre
 15828 | D:13     | Noticed an orc knight
 15840 | D:13     | Noticed a two-headed ogre
 15861 | D:13     | Found a shadowy altar of Dithmenos.
 15925 | D:13     | Noticed an eight-headed hydra
 16083 | D:13     | Noticed a two-headed ogre
 16091 | D:13     | Killed a two-headed ogre
 16207 | D:13     | Killed a two-headed ogre
 16211 | D:13     | Slain by an eight-headed hydra

Illustrated notes

Levels and vault maps discovered:
D:1:      amcnicky_arrival_blooded_trapdoor, layout_rooms
D:2:      layout_rooms, hellmonk_ecumenical_altar_leap_of_faith,
          kennysheep_generic_room_13
D:3:      layout_basic, mainiacjoe_overflow_small_starburst, uniq_grinder
D:4:      layout_basic, lightli_sewer_entry_pipes, serial_shops,
          nicolae_square_shop
D:5:      layout_loops_ring, serial_shops, nicolae_shop_advertising_works
          [nicolae_subvault_shop_adworks]
D:6:      layout_basic, minmay_temple_entry_overgrown
D:7:      layout_loops_ring, gammafunk_temple_overflow_statue,
          gammafunk_ghost_necromancy
D:8:      layout_basic, minmay_lair_entry_grove, serial_shops,
          nicolae_diamond_shop, st_stairs_6, chequers_serial_rivers_marsh,
          minmay_shop_damaged, hangedman_abyss_or_decor_passed, uniq_pikel
D:9:      layout_long_grid
D:10:     layout_basic, lemuel_coloured_pillars_altar, orc_0_dummy,
          kennysheep_generic_room_6
D:11:     layout_gridville
D:13:     layout_layer_cave, david_vaults_3, grunt_dithmenos_shadows
Temple:   dpeg_five_rooms_temple

Skill      XL: |  1  2  3  4  5  6  7  8  9 10 11 |
---------------+----------------------------------+-----
Spellcasting   | 3 4 5 6 7 9 10 12 13 | 13.8
Fighting       | 1 2 3 5 6 7 8 |  8.1
Unarmed Combat | 1 |  1.5
Necromancy     | 5 6 7 9 10 12 | 12.1
Dodging        | 2 3 |  3.5
Stealth        | 2 |  2.8
Invocations    | |  0.5
Evocations     | |  0.2

Action                   |  1- 3 |  4- 6 |  7- 9 | 10-12 || total
-------------------------+-------+-------+-------+-------++-------
Melee: Unarmed           |    33 |    99 |    41 |    25 ||   198
       Punch             |       |     2 |     1 |     2 ||     5
 Cast: Pain              |    84 |    75 |   153 |   135 ||   447
       Animate Dead      |       |     4 |    10 |    10 ||    24
       Dispel Undead     |       |    10 |    18 |    15 ||    43
       Vampiric Draining |       |       |    39 |   154 ||   193
Evoke: Wand              |       |       |     3 |       ||     3
  Use: Scroll            |     3 |     4 |     4 |     9 ||    20
Armor: Robe              |    28 |    33 |    57 |    54 ||   172
Dodge: Dodged            |    40 |    78 |   147 |   190 ||   455
